 Dungeon Crawl Stone Soup version 0.27-a0-393-gba1aca71f1 (webtiles) character file.

Game seed: 16524494586846505667

282 CryoSword the Grasshopper (level 6, -2/32 HPs)
             Began as a Vine Stalker Warper on Feb 20, 2021.
             Slain by an orc wizard
             ... wielding a +0 dagger
              (4 damage)
             ... on level 3 of the Dungeon.
             The game lasted 00:02:55 (2592 turns).

CryoSword the Grasshopper (Vine Stalker Warper)     Turns: 2592, Time: 00:02:56

Health: -2/32      AC:  3    Str: 20    XL:     6   Next: 28%
Magic:  0/10       EV: 12    Int: 13    God:
Gold:   131        SH:  0    Dex: 15    Spells: 9/9 levels left

rFire    . . .     SeeInvis .   a - +0 short sword
rCold    . . .     Faith    .   (no shield)
rNeg     . . .     Spirit   +   b - +0 leather armour
rPois    +         Reflect  .   (no helmet)
rElec    .         Harm     .   (no cloak)
rCorr    .         Rampage  .   (no gloves)
Will     .....                  (no boots)
Stlth    ++........             (no amulet)
HPRegen  1.10/turn              j - +6 ring of strength
MPRegen  0.12/turn              f - ring of poison resistance

@: no status effects
A: fangs 2, regeneration 1, magic shield, antimagic bite, no potion heal 3
a: no special abilities


You were on level 3 of the Dungeon.
You visited 1 branch of the dungeon, and saw 3 of its levels.

You collected 131 gold pieces.

Inventory:

Hand Weapons
 a - a +0 short sword (weapon)
Missiles
 e - 5 boomerangs of dispersal (quivered) {!f}
 q - 14 poisoned darts
Armour
 b - a +0 leather armour (worn)
Jewellery
 f - a ring of poison resistance (right hand)
   (You found it on level 1 of the Dungeon)
 j - a +6 ring of strength (left hand)
   (You found it on level 1 of the Dungeon)
Scrolls
 c - 2 scrolls of identify {unknown}
 d - a scroll of blinking
 h - a scroll of teleportation {unknown}
 k - a scroll of fear {unknown}
 m - a scroll of random uselessness {unknown}
 p - 2 scrolls of immolation {unknown}
Potions
 g - a potion of curing {@q1}
 i - a potion of haste {@q3}
 l - a potion of brilliance {unknown}
 n - 3 potions of attraction {unknown}
 o - a potion of resistance {unknown}


   Skills:
 + Level 2.8 Fighting
 * Level 3.6 Short Blades
 - Level 0.8 Throwing
 - Level 0.7 Armour
 + Level 2.5 Dodging
 + Level 2.9 Stealth
 - Level 2.1 Spellcasting
 + Level 3.8 Translocations


You had 9 spell levels left.
You didn't know any spells.
Your spell library contained the following spells:

 Spells                   Type           Power        Failure   Level
 Blink                    Tloc           N/A          10%         2
 Gell's Gravitas          Tloc           5%           19%         3
 Lesser Beckoning         Tloc           5%           19%         3
 Teleport Other           Tloc           11%          19%         3
 Manifold Assault         Tloc           11%          52%         4


Dungeon Overview and Level Annotations

Branches:
Dungeon (3/15)

Altars:
Fedhas
Makhleb


Innate Abilities, Weirdness & Mutations

You have extremely sharp teeth.
Your natural rate of healing is unusually fast.
When hurt, damage is shared between your health and your magic reserves.
Your bite disrupts and absorbs the magic of your enemies.
Potions cannot restore your health.


Message History

You hit the orc.
You kill the orc!
The orc hits you.
* * * LOW HITPOINT WARNING * * *
You hit the orc but do no damage. You bite the orc. You drain its power.
You feel invigorated. The orc closely misses you.
You hit the orc but do no damage. You bite the orc.
You kill the orc!
You start resting.
You start resting.
Found a dagger.
You see here a +0 trident of venom.
Things that are here:
a +0 club; a +0 leather armour; a +0 club You see here a +0 trident of venom.
c - 2 scrolls labelled XUCIGUGOMN (gained 1)
You now have 125 gold pieces (gained 5).
A frilled lizard comes into view.
There is a stone staircase leading down here.
A frilled lizard is nearby!
A frilled lizard is nearby!
The frilled lizard hisses angrily.
The frilled lizard closely misses you.
You barely miss the frilled lizard. The frilled lizard bites you.
You closely miss the frilled lizard. Your bite misses the frilled lizard.
The frilled lizard bites you but does no damage.
You miss the frilled lizard. You bite the frilled lizard.
You kill the frilled lizard!
No target in view!
No target in view!
Found a stone staircase leading down.
A goblin comes into view. It is wielding a +0 dagger.
A goblin is nearby!
A goblin is nearby!
The goblin hits you with a +0 dagger.
You closely miss the goblin. You bite the goblin. You drain its power.
You feel invigorated. The goblin hits you with a +0 dagger.
You closely miss the goblin. You bite the goblin.
You kill the goblin!
No target in view!
Things that are here:
a +0 dagger; a goblin corpse You now have 131 gold pieces (gained 6).
A hobgoblin comes into view. It is wielding a +0 club.
Found a blossoming altar of Fedhas.
A hobgoblin is nearby!
A hobgoblin is nearby!
The hobgoblin shouts!
You closely miss the hobgoblin. The hobgoblin barely misses you.
You barely miss the hobgoblin. You bite the hobgoblin. You drain its power.
You barely miss the hobgoblin.
You bite the hobgoblin, but do no damage.
The hobgoblin barely misses you.
You barely miss the hobgoblin. You bite the hobgoblin. You drain its power.
The hobgoblin barely misses you.
You hit the hobgoblin but do no damage.
You bite the hobgoblin, but do no damage.
The hobgoblin closely misses you.
You barely miss the hobgoblin.
You bite the hobgoblin, but do no damage.
The hobgoblin hits you but does no damage.
You hit the hobgoblin but do no damage. The hobgoblin hits you with a +0 club.
You hit the hobgoblin.
You kill the hobgoblin!
No target in view!
Things that are here:
a +0 club; a +0 ring mail You enter the shallow water.
Moving in this stuff is going to be slow.
q - 14 poisoned darts An orc comes into view.
An orc is nearby!
An orc is nearby!
An orc priest comes into view. It is wielding a +0 hand axe.
A ball python, an orc and an orc wizard come into view.
Found 6 gold pieces.
There is an open door here.
A kobold comes into view. It is wielding a +0 short sword.
The kobold shouts!
The orc wizard gestures at you while chanting.
The magic dart hits you.
The orc shouts! x2
The orc misses you.
The orc priest shouts!
You hit the orc.
You kill the orc!
You hit the orc wizard.
The orc wizard points at itself and mumbles some strange words.
The orc wizard flickers and vanishes!
Deactivating autopickup; reactivate with Ctrl-A.
The orc closely misses you. The orc priest barely misses you.
You hear some strange, mumbled words.
You are confused.
The kobold hits you but does no damage. The orc hits you with a +0 short sword.
You're too confused to move!
The kobold closely misses you. The orc misses you.
The orc priest hits you with a +0 hand axe.
Your system rejects the healing.
You feel better. Something hits you. The kobold misses you.
The orc hits you with a +0 short sword.
The orc priest mumbles some strange prayers to Beogh against you.
Pain shoots through your body!
You hit something but do no damage. Your bite misses something.
Something hits you.
* * * LOW HITPOINT WARNING * * *
The kobold misses you. The orc hits you with a +0 short sword.
* * * LOW HITPOINT WARNING * * *
The orc priest barely misses you.
You hit the orc priest. You bite the orc priest. You drain its power.
You feel invigorated. The kobold hits you but does no damage.
Something hits you but does no damage. The orc barely misses you.
The orc priest looks satisfied for a moment.
You barely miss the orc priest.
You bite the orc priest, but do no damage.
The kobold barely misses you.
You hear some strange, mumbled words.
Something tries to affect you, but you resist.
The orc barely misses you.
The orc priest casts a cantrip, but nothing happens.
You hit the orc priest but do no damage.
You bite the orc priest, but do no damage.
The kobold hits you but does no damage. Something hits you.
* * * LOW HITPOINT WARNING * * *
The orc hits you with a +0 short sword.
* * * LOW HITPOINT WARNING * * *
The orc priest closely misses you.
You hit the orc priest. You bite the orc priest. You drain its power.
You feel invigorated. Something hits you.
* * * LOW HITPOINT WARNING * * *
The kobold hits you with a +0 short sword.
* * * LOW HITPOINT WARNING * * *
The orc barely misses you.
You closely miss the orc priest. You bite the orc priest. You drain its power.
You feel invigorated.
The orc priest invokes the aid of Beogh against you.
You struggle to resist.
The kobold closely misses you.
You hear some strange, mumbled words.
A magic dart appears from out of thin air!
The magic dart hits you.
* * * LOW HITPOINT WARNING * * *
The orc completely misses you.
You hit the orc priest but do no damage.
You bite the orc priest, but do no damage.
The orc priest begins to cast a cantrip, but forgets the words!
The kobold hits you with a +0 short sword.
* * * LOW HITPOINT WARNING * * *
Something hits you but does no damage. The orc barely misses you.
You closely miss the orc priest. You bite the orc priest.
You kill the orc priest!
Something hits you.
You die...

#......#...#
#......#...+
####.###..##
######
#....##..##
#....#
#....##..##
.####....####
#....##..##
..$......'..#
#.....#..##
###..{.##.#
#.....#..#
#.()@##.#
###.#....#
#..oK##.#
#.##...#
#...S##.#
#)##...##
#....##.#
#.###....
#....##.#
#.###..##
#....##.#
#.....>##
#....##.#
########.
#######.## #.
#......# #.


You could see an orc, a ball python and a kobold.

Vanquished Creatures
  Sigmund (D:2)
  An orc priest (D:3)
  Terence (D:2)
  An adder (D:2)
  An ooze (D:2)
  2 worms (D:2)
  4 dart slugs (D:1)
  A leopard gecko (D:2)
  6 orcs (D:3)
  A ball python (D:2)
  4 bats
  5 giant cockroaches
  9 goblins
  8 hobgoblins
  3 jackals (D:1)
  3 frilled lizards
  4 kobolds
  4 rats
59 creatures vanquished.

Notes
Turn   | Place    | Note
-------+----------+-------------------------------------------
     0 | D:1      | CryoSword the Vine Stalker Warper began the quest for the
                  | Orb.
     0 | D:1      | Reached XP level 1. HP: 11/11 MP: 4/4
   318 | D:1      | Reached XP level 2. HP: 15/15 MP: 6/6
   479 | D:1      | Reached skill level 1 in Stealth
   808 | D:1      | Reached XP level 3. HP: 17/18 MP: 7/7
  1593 | D:2      | Gained mutation: Your natural rate of healing is unusually
                  | fast. [Vine Stalker growth]
  1593 | D:2      | Reached XP level 4. HP: 17/23 MP: 6/8
  1827 | D:2      | Noticed Terence
  1842 | D:2      | Killed Terence
  1918 | D:2      | Found a burning altar of Makhleb.
  1948 | D:2      | Noticed Sigmund
  1982 | D:2      | Killed Sigmund
  1983 | D:2      | Reached XP level 5. HP: 28/28 MP: 9/9
  1983 | D:2      | Reached XP level 6. HP: 32/32 MP: 10/10
  2511 | D:3      | Found a blossoming altar of Fedhas.
  2590 | D:3      | HP: 1/32 [something/magic dart (3)]
  2592 | D:3      | Slain by an orc wizard

Illustrated notes

Levels and vault maps discovered:
D:1:      grunt_arrival_crossed_arrows, layout_rooms, minmay_misc_feat_tiny,
          minmay_small_reverse_x
D:2:      layout_loops_ring, bloody_makhleb, chequers_avenue, uniq_terence,
          uniq_sigmund
D:3:      layout_basic, fedhas_altar_2, kennysheep_generic_room_11

Skill      XL: |  1  2  3  4 |
---------------+-------------+-----
Short Blades   | 2 3 |  3.6
Fighting       | 2 |  2.8
Stealth        | 1 2 |  2.9
Dodging        | 2 |  2.5
Throwing       | |  0.8
Armour         | |  0.7
Spellcasting   | |  2.1
Translocations | |  3.8

Action                   |  1- 3 |  4- 6 || total
-------------------------+-------+-------++-------
Melee: Short sword       |   125 |    96 ||   221
       Bite              |    26 |    44 ||    70
  Use: Potion            |     2 |     1 ||     3
 Stab: Sleeping          |     3 |     1 ||     4
Armor: Leather armour    |    31 |    17 ||    48
Dodge: Dodged            |    65 |    65 ||   130

Table legend: (Time is in decaauts)
 A = Elapsed time spent in this place.
 B = Non-inter-level travel time spent in this place.
 C = Inter-level travel time spent in this place.
 D = Time resting spent in this place.
 E = Time spent auto-exploring this place.
 F = Levels seen in this place.
 G = Mean time per level.
                   A        B        C        D        E       F      G
               +--------+--------+--------+--------+--------+-----+--------+
         Total |   2565 |   2481 |     84 |    700 |   1368 |   3 |  855.0 |
       Dungeon |   2565 |   2481 |     84 |    700 |   1368 |   3 |  855.0 |
               +--------+--------+--------+--------+--------+-----+--------+

Top non-repeatable levels by time:
     D:1: 1295 daAuts
     D:2: 799 daAuts
     D:3: 470 daAuts
